Map: Lightshade LE

Players

Byga

  • Race: Zerg Zerg
  • League: Diamond
  • Spawn Location: 11:00

Massa - Winner!

  • Race: Terran Terran
  • League: Platinum
  • Spawn Location: 5:00

VOD

Have the link to the VOD?

Description

Time

  • Played on: Jan. 16, 2021, 4:06 p.m.
  • Length: 11:02
Show
View Real Time Build Order
Export as new Build Order

Byga Zerg 

Build Orders: Hatch First 

Get SALT Encoding   

  12  0:02  Drone  
  13  0:15  Overlord  
  13  0:24  Drone  
  14  0:35  Drone x2  
  16  0:39  Drone  
  17  0:57  Drone  
  17  0:58  Hatchery  
  17  1:01  Drone  
  18  1:05  Extractor  
  17  1:17  Spawning Pool  
  17  1:18  Drone  
  17  1:21  Drone  
  18  1:31  Drone  
  19  1:54  Drone  
  19  1:58  Hatchery  
  19  2:04  Queen  
  19  2:06  Zergling x2  
  22  2:10  Zergling x2  
  23  2:16  Queen  
  23  2:22  Metabolic Boost  
  25  2:25  Drone  
  25  2:28  Drone  
  27  2:40  Drone  
  27  2:44  Overlord  
  28  2:46  Overlord  
  28  3:03  Drone  
  28  3:04  Drone x4  
  33  3:10  Drone  
  34  3:16  Drone  
  34  3:17  Drone  
  34  3:18  Extractor, Drone  
  34  3:19  Roach Warren  
  35  3:27  Lair  
  35  3:28  Drone x2  
  35  3:30  Drone  
  38  3:37  Queen  
  40  3:58  Drone  
  40  3:59  Drone  
  40  4:01  Overlord x2, Baneling Nest  
  40  4:02  Overlord  
  41  4:09  Spine Crawler  
  40  4:10  Spine Crawler  
  39  4:23  Zergling x16  
  39  4:24  Zergling x4  
  47  4:45  Queen x3  
  46  4:56  Drone  
  46  4:57  Drone x5  
  52  5:02  Extractor  
  52  5:06  Extractor, Drone, Evolution Chamber  
  50  5:09  Evolution Chamber  
  50  5:11  Glial Reconstitution  
  49  5:16  Drone  
  49  5:17  Drone  
  49  5:18  Drone  
  51  5:45  Drone  
  51  5:46  Drone x11  
  63  5:55  Overseer  
  63  5:59  Spore Crawler  
  62  6:11  Spore Crawler  
  60  6:30  Hatchery, Queen x2, Spore Crawler  
  60  6:43  Spire  
  59  7:04  Spore Crawler  
  58  7:09  Spore Crawler  
  57  7:24  Queen  
  57  7:26  Roach Warren, Queen  
  60  7:34  Overlord  
  60  7:35  Overlord x6  
  60  7:43  Drone x2  
  60  7:44  Drone x2  
  63  7:45  Drone  
  63  7:46  Drone  
  66  7:59  Zerg Flyer Weapons Level 1  
  66  8:00  Drone x2  
  66  8:01  Drone  
  66  8:02  Drone  
  66  8:05  Hatchery  
  69  8:06  Drone  
  69  8:07  Drone x2  
  72  8:15  Overseer, Spore Crawler  
  72  8:16  Drone x5  
  76  8:20  Spore Crawler  
  76  8:21  Extractor  
  76  8:22  Extractor  
  76  8:25  Pneumatized Carapace  
  73  8:28  Zerg Ground Armor Level 1  
  73  8:29  Zerg Missile Weapons Level 1  
  73  8:30  Baneling x5  
  73  8:32  Drone  
  73  8:33  Drone x3  
  73  8:34  Drone  
  74  9:00  Drone  
  74  9:01  Drone x2  
  74  9:02  Infestation Pit  
  76  9:03  Drone x3  
  76  9:04  Drone x3  
  82  9:20  Zergling x2  
  82  9:21  Zergling x12  
  89  9:32  Centrifical Hooks  
  89  9:38  Hive  
  89  9:41  Roach  
  89  9:42  Roach x5  
  89  9:43  Roach  
  103  9:48  Baneling x2  
  103  9:49  Overlord  
  103  9:51  Overlord  
  103  9:53  Overlord  
  103  9:57  Drone  
  103  9:58  Drone x6  
  110  10:00  Overseer x2  
  110  10:16  Hatchery  
  109  10:23  Spine Crawler  
  109  10:25  Spine Crawler  
  109  10:26  Zergling x2  
  109  10:27  Zergling x26  
Show
View Real Time Build Order
Export as new Build Order

Massa Terran - Winner!

Build Orders:  

Get SALT Encoding   

  12  0:00  SCV  
  13  0:12  SCV  
  14  0:20  Supply Depot  
  14  0:24  SCV  
  15  0:42  SCV  
  16  0:43  Barracks  
  16  0:46  Refinery  
  16  0:54  SCV  
  17  1:06  SCV  
  18  1:18  SCV  
  19  1:30  SCV  
  20  1:39  Command Center  
  20  1:41  Barracks Reactor  
  20  1:47  Orbital Command  
  20  2:04  Supply Depot  
  20  2:13  SCV  
  21  2:16  Marine x2  
  23  2:23  Factory  
  23  2:32  Supply Depot  
  23  2:34  SCV, Marine  
  25  2:39  Marine  
  26  2:51  Orbital Command  
  26  2:52  Marine  
  26  2:57  SCV  
  28  3:02  Refinery  
  28  3:03  Marine  
  29  3:09  SCV  
  29  3:10  Marine  
  31  3:34  Starport  
  31  3:36  Hellion x2  
  31  3:37  SCV x2  
  31  3:38  Barracks Tech Lab  
  37  3:49  SCV x2  
  39  3:56  Engineering Bay  
  39  3:57  Hellion x2  
  39  4:01  SCV x2  
  45  4:10  Barracks Tech Lab  
  45  4:13  SCV x2  
  47  4:17  Banshee  
  47  4:18  Cloaking Field  
  35  5:00  Banshee  
  38  5:09  Marine x2  
  38  5:10  SCV x2  
  38  5:12  Refinery  
  38  5:14  Refinery  
  42  5:17  Command Center  
  42  5:19  Missile Turret  
  42  5:22  SCV x2, Siege Tank  
  42  5:26  Marine x2  
  49  5:34  Missile Turret  
  49  5:43  Banshee  
  49  5:44  Marine  
  53  6:02  Supply Depot x2  
  53  6:03  Supply Depot  
  53  6:06  Supply Depot  
  53  6:08  Barracks  
  53  6:09  Barracks  
  53  6:14  Barracks  
  53  6:23  Siege Tank  
  56  6:26  Supply Depot  
  53  6:39  Medivac  
  55  6:42  Marine x2  
  57  6:55  Siege Tank  
  57  7:00  Marine x2  
  62  7:03  Barracks Reactor, Barracks Tech Lab x2  
  62  7:18  Marine  
  60  7:31  Marauder x2, Marine  
  60  7:32  Combat Shield, Stimpack  
  60  7:36  Marine  
  66  7:45  Marine  
  66  7:46  Marine  
  66  7:47  Siege Tank  
  66  7:49  Marine, Medivac  
  74  7:52  Marauder x2  
  74  7:53  Marine  
  74  7:57  Planetary Fortress  
  79  8:02  SCV  
  79  8:03  SCV, Marine x2  
  83  8:06  Marine  
  83  8:11  Marine  
  85  8:13  Marine  
  85  8:14  SCV, Marauder  
  85  8:15  SCV  
  85  8:19  Siege Tank  
  93  8:21  Marine x2  
  93  8:22  Sensor Tower  
  93  8:24  Marine  
  93  8:26  SCV  
  97  8:27  SCV  
  97  8:28  Armory  
  97  8:29  Marine  
  97  8:32  Refinery, Marauder  
  101  8:35  SCV, Marauder  
  101  8:38  SCV  
  101  8:39  SCV, Marine  
  107  8:43  Refinery  
  107  8:47  SCV  
  108  8:50  SCV  
  108  8:54  Missile Turret  
  109  9:18  Engineering Bay  
  109  9:19  Supply Depot  
  109  9:21  Supply Depot x2  
  109  9:41  SCV x3, Medivac  
  109  9:44  Siege Tank, Supply Depot  
  121  9:45  Marauder  
  121  9:46  Marauder, Marine x4, Supply Depot x2  
  125  9:53  SCV x3  
  128  10:03  Factory x2, Marine, Command Center  
  128  10:04  Marine x3  
  128  10:05  SCV x3  
  139  10:07  Marauder x2  
  139  10:11  Medivac  
  141  10:17  SCV x3  
  144  10:21  Marine  
  144  10:22  Marine  
  150  10:28  Marauder x2  
  150  10:29  SCV x2  
Tags
 
Matchup
TvZ
Replay Pack
Multiplayer
Spawn Locations
Cross Positions
Add a new tag
Caveats
  • Supply blocks, unpowered buildings, or Contaminate may cause inaccurate times.
  • Supply counts are checked every 10 seconds.